 Dungeon Crawl Stone Soup version 0.26-a0-317-ge2f3d4a7ca (webtiles) character file.

Game seed: 15827449190681014954

48 BritishOli the Skirmisher (level 3, -1/29 HPs)
             Began as a Demonspawn Fighter on July 16, 2020.
             Was an Initiate of Okawaru.
             Slain by an orc
             ... wielding a +0 flail
              (3 damage)
             ... on level 3 of the Dungeon.
             The game lasted 00:01:08 (1839 turns).

BritishOli the Skirmisher (Demonspawn Fighter)      Turns: 1839, Time: 00:01:09

Health: -1/29      AC:  8    Str: 17    XL:     3   Next: 50%
Magic:  3/3        EV:  7    Int:  9    God:    Okawaru [......]
Gold:   110        SH:  9    Dex: 12    Spells: 2/2 levels left

rFire    . . .     SeeInvis .   a - +0 long sword
rCold    . . .     Faith    .   c - +0 kite shield
rNeg     . . .     Spirit   .   b - +0 scale mail
rPois    .         Reflect  .   (helmet restricted)
rElec    .         Harm     .   (no cloak)
rCorr    .                      (no gloves)
MR       .....                  (no boots)
Stlth    ..........             (no amulet)
HPRegen  0.09/turn              (no ring)
MPRegen  0.08/turn              (no ring)

@: no status effects
A: horns 1, icy blue scales 1
a: Renounce Religion


You were on level 3 of the Dungeon.
You worshipped Okawaru.
Okawaru was noncommittal.
You visited 1 branch of the dungeon, and saw 3 of its levels.

You collected 110 gold pieces.

Inventory:

Hand Weapons
 a - a +0 long sword (weapon)
Armour
 b - a +0 scale mail (worn)
 c - a +0 kite shield (worn)
Jewellery
 m - an uncursed ring of resist corrosion {unknown}
Wands
 n - a wand of iceblast (9)
Scrolls
 f - 5 scrolls of remove curse {unknown}
 h - a scroll of noise {unknown}
 i - 3 scrolls of identify {unknown}
 j - 4 scrolls of random uselessness {unknown}
 k - a scroll of teleportation {unknown}
 l - a scroll of fog {unknown}
 o - a scroll of blinking {unknown}
Potions
 d - 2 potions of might
 e - a potion of flight {unknown}
 g - a potion of heal wounds {unknown}
 p - a potion of ambrosia {unknown}


   Skills:
 + Level 3.4 Fighting
 + Level 2.2 Long Blades
 + Level 3.1 Armour
 + Level 3.1 Shields


You had 2 spell levels left.
You didn't know any spells.
Your spell library was empty.

Dungeon Overview and Level Annotations

Branches:
Dungeon (3/15)

Altars:
Elyvilon
Okawaru

Annotations:
D:2 Sigmund


Innate Abilities, Weirdness & Mutations

You have a pair of small horns on your head.
You are partially covered in icy blue scales. (AC +2)


Message History

You slash the hobgoblin!
You kill the hobgoblin!
Okawaru accepts your kill.
There are monsters nearby!
You hit the orc but do no damage.
The orc wizard casts a spell.
The orc wizard flickers and vanishes!
Deactivating autopickup; reactivate with Ctrl-A.
The orc closely misses you. You block the orc's attack.
You slash the orc!
You kill the orc!
Okawaru accepts your kill. You block the orc's attack.
The orc hits you with a +0 flail. The orc hits you but does no damage. x2
The orc priest invokes the aid of Beogh against you.
Beogh smites you!
Ouch! That really hurt!
* * * LOW HITPOINT WARNING * * *
The orc hits you with a +0 flail.
You die...

##... ... . ####...#
.....##....#.# ##..
....#........####...#
...... #.<...$.....#
......##...........##
.(.....#.............
......[o....†.......#
..?..oo.@...........#
..#..g##o†..........#
............#.##..#>.
...#....{..........#
.....###.#####†......
#.?. #.. ....... ..
##. ....... . .
....... .. .......


You could see an orc priest, 3 orcs and a hobgoblin.

Vanquished Creatures
  An adder (D:3)
  A worm (D:2)
  A dart slug (D:1)
  An orc (D:3)
  3 bats (D:1)
  2 giant cockroaches
  3 goblins
  4 hobgoblins
  4 jackals
  3 kobolds
  A quokka (D:3)
  A ball python (D:1)
  2 frilled lizards (D:2)
  4 rats
31 creatures vanquished.

Notes
Turn   | Place    | Note
-------+----------+-------------------------------------------
     0 | D:1      | BritishOli the Demonspawn Fighter began the quest for the
                  | Orb.
     0 | D:1      | Reached XP level 1. HP: 18/18 MP: 1/1
   318 | D:1      | Gained mutation: You have a pair of small horns on your
                  | head. [demonic ancestry]
   318 | D:1      | Reached XP level 2. HP: 16/24 MP: 2/2
  1199 | D:2      | Found an iron altar of Okawaru.
  1222 | D:2      | Became a worshipper of Warmaster Okawaru
  1288 | D:2      | Found a white marble altar of Elyvilon.
  1339 | D:2      | Noticed Sigmund
  1380 | D:2      | Gained mutation: You are partially covered in icy blue
                  | scales. (AC +2) [demonic ancestry]
  1380 | D:2      | Reached XP level 3. HP: 20/29 MP: 3/3
  1839 | D:3      | Slain by an orc

Illustrated notes

Levels and vault maps discovered:
D:1:      dpeg_arrival_boxes_within_box, layout_basic
D:2:      layout_rooms, nicolae_qazlal_general_emergency, old_standard_altar,
          okawaru_gym_becter, uniq_jessica, uniq_sigmund, uniq_terence
D:3:      layout_rooms, marbit_many_paths

Skill      XL: |  1  2 |
---------------+-------+-----
Long Blades    | 2 |  2.2
Shields        | 3 |  3.1
Armour         | 3 |  3.1
Fighting       | |  3.4

Action                   || total
-------------------------++-------
Melee: Long sword        ||    91
       Headbutt          ||    13
Armor: Scale mail        ||    64
Dodge: Dodged            ||    38
Block: Kite shield       ||    51
       Rpst.: Long sword ||     7

Table legend:
 A = Non-vault XP
 B = Vault XP
 C = Vault XP percentage of total XP
 D = Non-vault monster count
 E = Vault monster count
 F = Vault count percentage of total count
                 A         B        C        D         E       F
            +---------+---------+-------+---------+---------+-------
      Total |      69 |       0 |   0.0 |      31 |       0 |   0.0
            +---------+---------+-------+---------+---------+-------
        D:1 |      27 |       0 |   0.0 |      15 |       0 |   0.0
        D:2 |      16 |       0 |   0.0 |       8 |       0 |   0.0
        D:3 |      26 |       0 |   0.0 |       8 |       0 |   0.0
            +---------+---------+-------+---------+---------+-------
